 Dungeon Crawl Stone Soup version 0.21.0-22-g11d5b52 (webtiles) character file.

838 wazuzu the Ducker (level 7, -10/56 HPs)
             Began as a Gnoll Gladiator on Jan 18, 2018.
             Mangled by Pikel
             ... wielding a +0 whip of electrocution
              (18 damage)
             ... on level 5 of the Dungeon.
             The game lasted 00:13:42 (5268 turns).

wazuzu the Ducker (Gnoll Gladiator)                 Turns: 5268, Time: 00:13:43

Health: -10/56     AC:  6    Str: 16 (18) XL:     7   Next: 99%
Magic:  11/11      EV: 15    Int: 10      God:
Gold:   169        SH:  0    Dex: 17      Spells: 11/11 levels left

rFire    . . .     SeeInvis .   a - +0 quarterstaff
rCold    . . .     Gourm    .   (shield currently unavailable)
rNeg     . . .     Faith    .   i - +0 ring mail
rPois    .         Spirit   .   c - +0 helmet
rElec    .         Reflect  .   (no cloak)
rCorr    .         Harm     .   (no gloves)
MR       +....                  (no boots)
Stlth    ++........             (no amulet)
HPRegen  0.18/turn              (no ring)
MPRegen  0.12/turn              (no ring)

@: no status effects
A: distributed training, fangs 1, magic resistance 1, evolution 1, strong nose
a: no special abilities


You were on level 5 of the Dungeon.
You were not hungry.

You visited 1 branch of the dungeon, and saw 5 of its levels.

You collected 169 gold pieces.

Inventory:

Hand Weapons
 a - a +0 quarterstaff (weapon)
Missiles
 d - 2 throwing nets (quivered)
Armour
 c - a +0 helmet (worn)
 i - a +0 ring mail (worn)
 m - a +0 buckler
Wands
 n - a wand of enslavement (9)
Scrolls
 b - a scroll of immolation {unknown}
 e - 9 scrolls of identify {unknown}
 h - a scroll of remove curse {unknown}
 j - 3 scrolls of magic mapping {unknown}
 o - 3 scrolls of teleportation {unknown}
 p - a scroll of enchant armour {unknown}
 q - a scroll of amnesia {unknown}
 r - a scroll of fear {unknown}
Potions
 g - a potion of magic
 k - a potion of cancellation {unknown}
 l - a potion of invisibility {unknown}
 s - a potion of agility {unknown}
Comestibles
 f - 3 rations


   Skills:
 + Level 5.4 Fighting
 + Level 2.7 Short Blades
 + Level 2.7 Long Blades
 + Level 2.7 Axes
 + Level 2.7 Maces & Flails
 + Level 2.7 Polearms
 + Level 7.1 Staves
 + Level 2.7 Slings
 + Level 2.7 Bows
 + Level 2.7 Crossbows
 + Level 5.4 Throwing
 + Level 2.7 Armour
 + Level 7.1 Dodging
 + Level 2.7 Stealth
 + Level 2.7 Shields
 + Level 2.7 Unarmed Combat
 + Level 2.7 Spellcasting
 + Level 2.2 Conjurations
 + Level 2.2 Hexes
 + Level 2.2 Charms
 + Level 2.2 Summonings
 + Level 2.2 Necromancy
 + Level 2.2 Translocations
 + Level 2.2 Transmutations
 + Level 2.2 Fire Magic
 + Level 2.2 Ice Magic
 + Level 2.2 Air Magic
 + Level 2.2 Earth Magic
 + Level 2.2 Poison Magic
 + Level 3.0 Invocations
 + Level 2.7 Evocations


You had 11 spell levels left.
You didn't know any spells.

Dungeon Overview and Level Annotations

Branches:
Dungeon (5/15)
 Temple: D:4-7

Altars:
Nemelex Xobeh
Okawaru

Annotations:
D:5 Pikel; zhorgal's ghost, amateur FeEn


Innate Abilities, Weirdness & Mutations

Your experience applies equally to all skills.
You have very sharp teeth.
Your uncanny sense of smell can sniff out nearby items.
You are resistant to hostile enchantments. (MR+)
You evolve.


Message History

* * * LOW HITPOINT WARNING * * *
You hit Pikel but do no damage. Your bite misses Pikel.
Pikel is severely wounded.
Pikel hits you with a whip of electrocution.
* * * LOW HITPOINT WARNING * * *
Okay, then.
You closely miss Pikel. You bite Pikel, but do no damage.
Pikel is severely wounded.
You hit Pikel. Your bite misses Pikel.
Pikel is severely wounded.
Pikel closely misses you.
You closely miss Pikel.
Pikel is severely wounded.
Pikel barely misses you.
Your ring mail prevents you from hitting Pikel.
Pikel is severely wounded.
Pikel hits you with a whip of electrocution.
* * * LOW HITPOINT WARNING * * *
You are electrocuted!
You die...

#........#.####
####.########.#
#....# #.#
#.#### #.# #.#
..# ## #.# ∆
..# #. #[# ..
#. #.# #@# #
#K# #. #.# ####
# #. #.# #..
.### #. #.#
##.###......#
#.# #.......###
#.# #..#>..
#.####..#.#
#....pp...#..##


You could see Pikel.

Vanquished Creatures
  The ghost of matthes123 the Chopper, an amateur MiFi of Okawaru (D:4)
  The ghost of matthes123 the Chopper, an amateur MiFi (D:3)
  3 slaves (D:5)
  An ogre (D:4)
  A scorpion (D:5)
  A crimson imp (D:5)
  A hound (D:5)
  2 iguanas (D:4)
  2 orc wizards
  3 worker ants (D:4)
  4 gnolls
  6 adders
  2 oozes
  3 worms (D:2)
  2 dart slugs (D:1)
  2 leopard geckos
  7 orcs
  3 ball pythons
  5 giant cockroaches
  7 goblins
  8 hobgoblins
  2 jackals (D:4)
  A quokka (D:5)
  4 bats
  2 frilled lizards
  10 kobolds
  4 rats
88 creatures vanquished.

Notes
Turn   | Place    | Note
-------+----------+-------------------------------------------
     0 | D:1      | wazuzu the Gnoll Gladiator began the quest for the Orb.
     0 | D:1      | Reached XP level 1. HP: 20/20 MP: 1/1
    73 | D:1      | Reached XP level 2. HP: 26/26 MP: 2/2
   561 | D:1      | Reached XP level 3. HP: 30/31 MP: 3/3
   790 | D:2      | Reached skill level 1 in Invocations
  1381 | D:2      | Reached skill level 1 in Short Blades
  1381 | D:2      | Reached skill level 1 in Long Blades
  1381 | D:2      | Reached skill level 1 in Axes
  1381 | D:2      | Reached skill level 1 in Maces & Flails
  1381 | D:2      | Reached skill level 1 in Polearms
  1381 | D:2      | Reached skill level 1 in Slings
  1381 | D:2      | Reached skill level 1 in Bows
  1381 | D:2      | Reached skill level 1 in Crossbows
  1381 | D:2      | Reached skill level 1 in Armour
  1381 | D:2      | Reached skill level 1 in Stealth
  1381 | D:2      | Reached skill level 1 in Shields
  1381 | D:2      | Reached skill level 1 in Unarmed Combat
  1381 | D:2      | Reached skill level 1 in Spellcasting
  1381 | D:2      | Reached skill level 1 in Evocations
  1381 | D:2      | Reached XP level 4. HP: 38/38 MP: 5/5
  1661 | D:3      | Reached skill level 1 in Conjurations
  1661 | D:3      | Reached skill level 1 in Hexes
  1661 | D:3      | Reached skill level 1 in Charms
  1661 | D:3      | Reached skill level 1 in Summonings
  1661 | D:3      | Reached skill level 1 in Necromancy
  1661 | D:3      | Reached skill level 1 in Translocations
  1661 | D:3      | Reached skill level 1 in Transmutations
  1661 | D:3      | Reached skill level 1 in Fire Magic
  1661 | D:3      | Reached skill level 1 in Ice Magic
  1661 | D:3      | Reached skill level 1 in Air Magic
  1661 | D:3      | Reached skill level 1 in Earth Magic
  1661 | D:3      | Reached skill level 1 in Poison Magic
  1865 | D:3      | Reached XP level 5. HP: 43/43 MP: 6/6
  1963 | D:3      | Noticed matthes123's ghost (amateur MiFi)
  1977 | D:3      | Killed matthes123's ghost
  1977 | D:3      | Reached XP level 6. HP: 45/50 MP: 6/8
  2106 | D:3      | You fall through a shaft for 2 floors!
  2106 | D:5      | Entered Level 5 of the Dungeon
  2127 | D:5      | Noticed a slave
  2134 | D:5      | Noticed a slave
  2134 | D:5      | Noticed a slave
  2137 | D:5      | Noticed Pikel
  2187 | D:5      | Reached skill level 5 in Fighting
  2187 | D:5      | Reached skill level 5 in Throwing
  2213 | D:5      | Noticed an ice beast
  2237 | D:5      | Noticed zhorgal's ghost (amateur FeEn)
  2631 | D:3      | Found a sparkling altar of Nemelex Xobeh.
  2789 | D:3      | Found an iron altar of Okawaru.
  3040 | D:4      | Noticed matthes123's ghost (amateur MiFi)
  3044 | D:4      | Gained mutation: You expend magic power (3 MP) to strengthen your wands. [potion of mutation]
  3044 | D:4      | Gained mutation: You evolve. [potion of mutation]
  3074 | D:4      | Killed matthes123's ghost
  3074 | D:4      | Reached XP level 7. HP: 29/56 MP: 10/10
  3228 | D:3      | Gained mutation: Your body sometimes deteriorates upon taking damage. [evolution]
  4260 | D:4      | Lost mutation: You expend magic power (3 MP) to strengthen your wands. [potion of mutation]
  4260 | D:4      | Lost mutation: Your body sometimes deteriorates upon taking damage. [potion of mutation]
  4260 | D:4      | Gained mutation: Armour fits poorly on your strangely shaped body. [potion of mutation]
  4260 | D:4      | Gained mutation: You are resistant to hostile enchantments. (MR+) [potion of mutation]
  4338 | D:4      | Lost mutation: Armour fits poorly on your strangely shaped body. [evolution]
  5268 | D:5      | Mangled by Pikel

Skill      XL: |  1  2  3  4  5  6  7 |
---------------+----------------------+-----
Invocations    | 1 2 3 |  3.0
Short Blades   | 1 2 |  2.7
Long Blades    | 1 2 |  2.7
Axes           | 1 2 |  2.7
Maces & Flails | 1 2 |  2.7
Polearms       | 1 2 |  2.7
Slings         | 1 2 |  2.7
Bows           | 1 2 |  2.7
Crossbows      | 1 2 |  2.7
Armour         | 1 2 |  2.7
Stealth        | 1 2 |  2.7
Shields        | 1 2 |  2.7
Unarmed Combat | 1 2 |  2.7
Spellcasting   | 1 2 |  2.7
Evocations     | 1 2 |  2.7
Conjurations   | 1 2 |  2.2
Hexes          | 1 2 |  2.2
Charms         | 1 2 |  2.2
Summonings     | 1 2 |  2.2
Necromancy     | 1 2 |  2.2
Translocations | 1 2 |  2.2
Transmutations | 1 2 |  2.2
Fire Magic     | 1 2 |  2.2
Ice Magic      | 1 2 |  2.2
Air Magic      | 1 2 |  2.2
Earth Magic    | 1 2 |  2.2
Poison Magic   | 1 2 |  2.2
Fighting       | 5 |  5.4
Throwing       | 5 |  5.4
Staves         | 7 |  7.1
Dodging        | 7 |  7.1

Action                   |  1- 3 |  4- 6 |  7- 9 || total
-------------------------+-------+-------+-------++-------
Melee: Quarterstaff      |    77 |   160 |   131 ||   368
       Bite              |    11 |    21 |    17 ||    49
Throw: Throwing net      |       |       |     1 ||     1
  Use: Potion            |       |     4 |     1 ||     5
 Stab: Sleeping          |     1 |       |     1 ||     2
  Eat: Chunk             |     1 |     6 |     2 ||     9
       Ration            |       |       |     2 ||     2
Armor: Leather armour    |     4 |       |       ||     4
       Ring mail         |    11 |    54 |    13 ||    78
Dodge: Dodged            |    46 |   142 |    86 ||   274
